AoeStats
← Jassassinator

African Clearing

510451295Analyzed
2v2 RM · 6h ago on Oct 1, 2026· 60m 13s· 4 players
Game mode
Random Map
Map size
Medium (4 player)
Population
200
Speed
Normal
Resources
Standard
Victory
Conquest
Starting age
Dark Age
Ending age
Imperial Age
RankedLock teamsTeams togetherTeam positionsShared explorationLock speedFull tech treeHidden civsTurbo modeCheats
Victory
Defeat
🇨🇴 Turks · Colombia
695
+12
🇨🇴 Vikings · Colombia
645
+13
🇺🇸 Japanese · United States
601
-13
🇺🇸 Bohemians · United States
591
-12
seniordavid21
6:34 Loom
29:03 Feudal Age
31:07 Horse Collar
31:15 Double-Bit Axe
31:16 Town Watch
32:23 Gold Mining
32:25 Stone Mining
35:37 Arson
35:14 Man-at-Arms
38:35 Forging
38:35 Scale Mail Armor
41:34 Fletching
41:45 Padded Archer Armor
46:15 Castle Age
46:17 Crossbowman
47:35 Iron Casting
47:18 Leather Archer Armor
47:01 Bodkin Arrow
47:42 Iron Casting
47:23 Chain Mail Armor
47:33 Bow Saw
48:35 Ballistics
49:28 Caravan
Fulgur
9:30 Loom
19:28 Feudal Age
20:09 Double-Bit Axe
25:03 Forging
28:11 Wheelbarrow
30:51 Castle Age
29:04 Scale Barding Armor
32:46 Iron Casting
34:13 Ballistics
36:50 Town Watch
37:00 Horse Collar
37:38 Thumb Ring
37:29 Fletching
37:41 Padded Archer Armor
38:40 Bodkin Arrow
43:42 Imperial Age
41:15 Town Patrol
41:43 Bloodlines
44:48 Husbandry
45:20 Conscription
47:22 Heavy Cavalry Archer
48:28 Parthian Tactics
52:29 Blast Furnace
54:55 Bracer
55:15 Chain Barding Armor
58:57 Parthian Tactics
61:09 Bombard Tower
Pugilist7307
15:57 Feudal Age
24:43 Castle Age
23:29 Man-at-Arms
24:49 Double-Bit Axe
25:34 Fletching
27:31 Chemistry
27:58 Pikeman
31:02 Wheelbarrow
32:41 Wagenburg Tactics
33:40 Caravan
37:25 Town Watch
40:12 Imperial Age
40:09 Long Swordsman
42:58 Two-Handed Swordsman
44:15 Bow Saw
44:12 Padded Archer Armor
44:13 Murder Holes
46:08 Halberdier
49:24 Guilds
49:20 Elite Hussite Wagon
50:24 Conscription
49:42 Houfnice
56:08 Elite Skirmisher
Jassassinator
5:23 Loom
19:30 Feudal Age
20:31 Double-Bit Axe
21:41 Wheelbarrow
26:45 Horse Collar
29:45 Stone Mining
29:49 Gold Mining
33:37 Castle Age
35:22 Hand Cart
38:15 Heavy Plow
38:30 Bow Saw
43:54 Imperial Age
50:08 Conscription
52:35 Chemistry
53:34 Forging
53:25 Scale Mail Armor
53:16 Fletching
53:27 Padded Archer Armor
53:04 Pikeman
53:46 Squires
53:32 Arson
Connection lost

Rejoining the realm…

Still unreachable

The connection could not be restored.

Session expired

The server has moved on; the page needs a fresh start.